 Dungeon Crawl Stone Soup version 0.28-a0-1624-g820543e53a (webtiles) character file.

Game seed: 14598467462028986327

444 AlmostDecent the Chopper (level 6, -12/49 HPs)
             Began as a Demonspawn Fighter on Jan 24, 2022.
             Killed by divine providence
             ... invoked by an orc priest
              (15 damage)
             ... on level 4 of the Dungeon.
             The game lasted 00:14:43 (3778 turns).

AlmostDecent the Chopper (Demonspawn Fighter)       Turns: 3778, Time: 00:14:43

Health: -12/49     AC:  9    Str: 15 (16) XL:     6   Next: 72%
Magic:  6/6        EV:  6    Int:  7 (10) God:
Gold:   97         SH:  4    Dex: 12 (14) Spells: 5/5 levels left

rFire   + . .      SeeInvis .   a - +1 war axe
rCold   + . .      Faith    .   c - +0 buckler
rNeg    . . .      Spirit   .   n - +0 chain mail
rPois   +          Reflect  .   (helmet restricted)
rElec   +          Harm     .   (no cloak)
rCorr   +          Rampage  .   (no gloves)
Will    .....                   (no boots)
Stlth   ..........              (no amulet)
HPRegen 0.16/turn               (no ring)
MPRegen 0.10/turn               (no ring)

@: lethally poisoned (-12 -> -17), resistant
A: antennae 1, weakness stinger 1, demonic touch 1
a: no special abilities


You were on level 4 of the Dungeon.
You visited 1 branch of the dungeon, and saw 4 of its levels.

You collected 119 gold pieces.
You spent 22 gold pieces at shops.

Inventory:

Hand Weapons
 a - a +1 war axe (weapon)
 m - a +1 vorpal trident
Armour
 b - a +0 scale mail
 c - a +0 buckler (worn)
 n - a +0 chain mail (worn)
Scrolls
 d - a scroll of enchant armour {unknown}
 e - 2 scrolls of enchant weapon
 f - a scroll of acquirement {unknown}
 g - a scroll of magic mapping {unknown}
 h - 2 scrolls of vulnerability {unknown}
 j - a scroll of summoning {unknown}
 k - a scroll of amnesia {unknown}
Potions
 i - a potion of resistance
 l - a potion of degeneration


   Skills:
 + Level 4.3 Fighting
 + Level 4.5 Axes
 + Level 3.8 Armour
 + Level 1.0 Dodging
 + Level 1.0 Stealth
 + Level 3.2 Shields


You had 5 spell levels left.
You didn't know any spells.
Your spell library was empty.

Dungeon Overview and Level Annotations

Branches:
Dungeon (4/15)
 Temple: D:4-7

Altars:
Fedhas
Hepliaklqana
Kikubaaqudgha

Shops:
D:1 [?((?   D:2 [   D:3 =


Innate Abilities, Weirdness & Mutations

You have a pair of small antennae on your head.
You have a small tail.
Your touch may inflict minor irresistible damage on your foes.


Message History

You are poisoned.
The orc priest hits you but does no damage.
You are more poisoned.
You hit the orc priest.
Your tail-slap misses the orc priest.
The orc priest is lightly wounded.
You feel very sick.
The orc priest hits you but does no damage.
You are more poisoned.
You hit the orc priest.
The orc priest is moderately wounded.
You feel very sick.
The orc priest mumbles some strange prayers to Beogh against you.
Pain shoots through your body!
You are too injured to fight recklessly!
You are too injured to fight recklessly!
You are too injured to fight recklessly!
It was a potion of resistance.
You feel protected.
* * * LOW HITPOINT WARNING * * *
You feel very sick.
The orc priest hits you but does no damage.
It was a potion of degeneration.
There was something very wrong with that liquid.
You feel weakened.
You feel dopey.
You feel clumsy.
You feel sick.
The orc priest invokes the aid of Beogh against you.
Pain shoots through your body!
* * * LOW HITPOINT WARNING * * *
* * * LOW HITPOINT WARNING * * *
You feel very sick.
* * * LOW HITPOINT WARNING * * *
You feel sick.
The orc priest calls down the wrath of Beogh upon you.
Pain shoots through your body!
* * * LOW HITPOINT WARNING * * *
* * * LOW HITPOINT WARNING * * *
You feel sick.
The orc priest invokes the aid of Beogh against you.
Beogh smites you!
You die...

.. . .... .## ## ....
...##.# ....
#.....####.# ....
#....o..#.!
.......###.......#<#
).............>).#.#
#.#.............@#.#####
...............).......#
.......................#
#......................#
#......................#
.......................#
#......................#
#......................#
#..................)...#


You could see an orc priest.

Vanquished Creatures
  Sigmund (D:2)
  A centaur (D:4)
  2 orc priests (D:3)
  2 orc wizards
  3 adders
  A worm (D:3)
  4 dart slugs
  7 orcs
  7 ball pythons
  5 endoplasms
  2 giant cockroaches
  4 goblins
  3 hobgoblins
  3 jackals (D:1)
  4 kobolds
  A quokka (D:3)
  3 bats
  2 frilled lizards
  5 rats
  3 rat zombies (D:3)
63 creatures vanquished.

Vanquished Creatures (others)
  An orc (D:3)
1 creature vanquished.

Grand Total: 64 creatures vanquished

Notes
Turn   | Place    | Note
-------+----------+-------------------------------------------
     0 | D:1      | AlmostDecent the Demonspawn Fighter began the quest for the
                  | Orb.
     0 | D:1      | Reached XP level 1. HP: 18/18 MP: 1/1
    50 | D:1      | Found Keuryith's Weapon Shop.
    81 | D:1      | Found Upriet's Antique Weapon Emporium.
   239 | D:1      | Discovered your monstrous ancestry.
   239 | D:1      | Gained mutation: Your touch may inflict minor irresistible
                  | damage on your foes. [demonic ancestry]
   239 | D:1      | Reached XP level 2. HP: 23/24 MP: 2/2
   380 | D:1      | Found Xeuff's Magic Scroll Emporium.
   440 | D:1      | Found Xeawaump's Armour Boutique.
   539 | D:1      | Found Ucumyw's Magic Scroll Emporium.
   547 | D:1      | Bought a scroll of identify for 22 gold pieces
  1224 | D:2      | Found Ocvear's Armour Boutique.
  1257 | D:2      | Gained mutation: You have a small tail. [demonic ancestry]
  1257 | D:2      | Reached XP level 3. HP: 29/29 MP: 3/3
  1264 | D:2      | Noticed Sigmund
  1280 | D:2      | Killed Sigmund
  1281 | D:2      | Reached XP level 4. HP: 13/37 MP: 4/4
  1281 | D:2      | Gained mutation: You have a pair of small antennae on your
                  | head. [demonic ancestry]
  1281 | D:2      | Reached XP level 5. HP: 15/42 MP: 5/5
  1898 | D:2      | Found a hazy altar of Hepliaklqana.
  2398 | D:3      | Found Azeroes's Jewellery Emporium.
  2476 | D:3      | Reached skill level 1 in Stealth
  2723 | D:3      | Found an ancient bone altar of Kikubaaqudgha.
  2779 | D:3      | Reached XP level 6. HP: 37/48 MP: 6/6
  2966 | D:3      | HP: 1/48 [orc (7)]
  3500 | D:4      | Found a blossoming altar of Fedhas.
  3598 | D:4      | Reached skill level 1 in Dodging
  3778 | D:4      | Killed from afar by an orc priest

Illustrated notes

Levels and vault maps discovered:
D:1:      dpeg_arrival_court, layout_basic, serial_shops,
          nicolae_shop_statue_plus, nicolae_square_shop, nicolae_shop_trees,
          shop, nicolae_square_shop
D:2:      layout_loops_cross, basic_altar, serial_shops, nicolae_shop_crystal,
          grunt_decor_fettered, uniq_sigmund
D:3:      layout_loops_cross, lemuel_zombie_altar_kikubaaqudgha, serial_shops,
          shop, minivault_23
D:4:      layout_rooms, overflow_temple_1_default, mainiacjoe_overflow_paths

Skill      XL: |  1  2  3  4  5  6 |
---------------+-------------------+-----
Axes           | 2 3 4 |  4.5
Armour         | 3 |  3.8
Shields        | 3 |  3.2
Stealth        | 1 |  1.0
Fighting       | 4 |  4.3
Dodging        | 1 |  1.0

Action                   |  1- 3 |  4- 6 || total
-------------------------+-------+-------++-------
Melee: War axe           |    72 |   117 ||   189
       Tailslap          |       |     9 ||     9
  Use: Potion            |     1 |     4 ||     5
       Scroll            |       |     3 ||     3
Armor: Scale mail        |    43 |    31 ||    74
       Chain mail        |       |    27 ||    27
Dodge: Dodged            |    33 |    60 ||    93
Block: Buckler           |     8 |    31 ||    39

Table legend: (Time is in decaauts)
 A = Elapsed time spent in this place.
 B = Non-inter-level travel time spent in this place.
 C = Inter-level travel time spent in this place.
 D = Time resting spent in this place.
 E = Time spent auto-exploring this place.
 F = Levels seen in this place.
 G = Mean time per level.
                   A        B        C        D        E       F      G
               +--------+--------+--------+--------+--------+-----+--------+
         Total |   3851 |   3792 |     59 |    262 |   2953 |   4 |  962.8 |
       Dungeon |   3851 |   3792 |     59 |    262 |   2953 |   4 |  962.8 |
               +--------+--------+--------+--------+--------+-----+--------+

Top non-repeatable levels by time:
     D:2: 1328 daAuts
     D:1: 1197 daAuts
     D:3: 1041 daAuts
     D:4: 284 daAuts
